AoeStats
← grilopse

Oasis

509491123Analyzed
3v3 RM · 6d ago on Sep 27, 2026· 57m 44s· 6 players
Game mode
Random Map
Map size
Normal (6 player)
Population
200
Speed
Normal
Resources
Standard
Victory
Conquest
Starting age
Dark Age
Ending age
Imperial Age
RankedLock teamsTeams togetherTeam positionsShared explorationLock speedFull tech treeHidden civsTurbo modeCheats
Victory
Defeat
🇨🇱 Danes · Chile
1203
+11
1168
+13
🇨🇱 Ethiopians · Chile
1150
+13
🇲🇦 Saracens · Morocco
1138
-13
🇲🇦 Britons · Morocco
1126
-14
🇲🇦 Jurchens · Morocco
1019
-10
grilopse
12:19 Feudal Age
16:35 Castle Age
15:09 Double-Bit Axe
15:09 Horse Collar
15:53 Loom
20:04 Bow Saw
25:06 Heavy Plow
32:05 Imperial Age
31:28 Scale Barding Armor
31:34 Forging
33:40 Wheelbarrow
34:44 Chain Barding Armor
35:00 Iron Casting
35:23 Elite Steppe Lancer
36:57 Bloodlines
37:02 Light Cavalry
39:34 Hussar
41:30 Plate Barding Armor
48:19 Husbandry
dragonslilver
9:00 Loom
10:46 Feudal Age
15:20 Castle Age
13:45 Double-Bit Axe
14:17 Horse Collar
25:03 Wheelbarrow
30:42 Town Watch
32:01 Forging
34:14 Scale Barding Armor
36:17 Bloodlines
36:07 Husbandry
36:55 Iron Casting
49:11 Husbandry
52:12 Hand Cart
52:25 Chain Barding Armor
56:15 Imperial Age
Poketale
8:32 Loom
10:20 Feudal Age
14:08 Castle Age
14:33 Loom
16:10 Fletching
19:42 Double-Bit Axe
21:48 Bodkin Arrow
22:50 Wheelbarrow
24:21 Padded Archer Armor
26:43 Leather Archer Armor
28:16 Hand Cart
33:17 Imperial Age
30:44 Horse Collar
31:08 Town Watch
32:24 Scale Barding Armor
32:31 Town Patrol
33:23 Husbandry
32:44 Light Cavalry
33:56 Chain Barding Armor
34:06 Bracer
34:50 Ballistics
35:32 Chemistry
36:09 Conscription
38:41 Ring Archer Armor
41:59 Elite Longbowman
43:39 Yeomen
46:14 Masonry
54:22 Coinage
54:05 Guilds
PumAge | carlomagno
0:26 Loom
10:58 Feudal Age
14:56 Castle Age
13:39 Double-Bit Axe
18:26 Bow Saw
21:46 Horse Collar
27:33 Wheelbarrow
27:03 Heavy Plow
28:21 Husbandry
28:42 Scale Barding Armor
28:53 Forging
32:52 Imperial Age
30:22 Gold Mining
31:40 Chain Barding Armor
32:30 Hand Cart
33:32 Iron Casting
34:02 Conscription
34:26 Plate Barding Armor
35:20 Chemistry
34:44 Arrowslits
38:05 Guilds
38:10 Logistica
38:46 Light Cavalry
40:12 Crop Rotation
40:15 Murder Holes
41:13 Hoardings
40:11 Elite Cataphract
42:05 Caravan
41:48 Hussar
52:07 Fletching
PumAge | kibghostt
7:50 Loom
10:32 Feudal Age
10:35 Man-at-Arms
11:22 Double-Bit Axe
14:06 Arson
16:32 Fletching
22:01 Castle Age
21:33 Horse Collar
22:42 Bodkin Arrow
23:24 Bow Saw
22:39 Crossbowman
24:32 Padded Archer Armor
25:41 Squires
26:34 Thumb Ring
35:39 Wheelbarrow
36:56 Scale Mail Armor
41:18 Ballistics
43:59 Imperial Age
41:52 Heavy Plow
43:27 Leather Archer Armor
43:32 Forging
44:38 Hand Cart
44:46 Bracer
46:23 Chemistry
46:19 Chain Mail Armor
46:40 Iron Casting
46:16 Caravan
46:16 Gambesons
47:09 Iron Casting
48:20 Plate Mail Armor
48:15 Conscription
47:31 Hamask
49:56 Blast Furnace
48:43 Pikeman
49:38 Elite Varangian Guard
52:06 Ring Archer Armor
51:02 Halberdier
53:24 Ring Archer Armor
56:56 Elite Jomsviking
PumAge | Mr.9988
11:56 Feudal Age
14:04 Double-Bit Axe
19:29 Castle Age
17:24 Fletching
17:37 Gold Mining
19:22 Loom
20:05 Crossbowman
23:15 Bow Saw
24:26 Ballistics
24:05 Bodkin Arrow
25:04 Elite Skirmisher
26:41 Padded Archer Armor
29:49 Leather Archer Armor
32:44 Wheelbarrow
31:54 Town Watch
32:53 Thumb Ring
36:52 Imperial Age
38:43 Chemistry
38:19 Squires
38:48 Halberdier
40:19 Ring Archer Armor
39:50 Bracer
39:52 Scale Mail Armor
40:02 Forging
40:29 Scale Mail Armor
40:30 Bracer
45:11 Capped Ram
46:13 Chain Mail Armor
46:03 Siege Ram
53:51 Arson
56:39 Hand Cart
Connection lost

Rejoining the realm…

Still unreachable

The connection could not be restored.

Session expired

The server has moved on; the page needs a fresh start.